 Dungeon Crawl Stone Soup version 0.29-a0-723-gce39da1c22 (webtiles) character file.

Game seed: 17397973072353084195

616 Mgcat the Trooper (level 7, -4/75 HPs)
             Began as an Ogre Fighter on June 28, 2022.
             Slain by a gnoll
             ... wielding a +0 flail
              (9 damage)
             ... on level 5 of the Dungeon.
             The game lasted 00:06:21 (4582 turns).

Mgcat the Trooper (Ogre Fighter)                    Turns: 4582, Time: 00:06:22

Health: -4/75      AC:  3    Str: 23    XL:     7   Next: 45%
Magic:  7/7        EV:  9    Int:  9    God:
Gold:   155        SH:  7    Dex:  8    Spells: 6/6 levels left

rFire   . . .      SeeInvis +   a - +0 war axe
rCold   . . .      Faith    .   c - +0 kite shield
rNeg    . . .      Spirit   .   b - +0 robe
rPois   .          Reflect  .   (helmet restricted)
rElec   .          Harm     .   (no cloak)
rCorr   .          Rampage  .   (gloves unavailable)
Will    +....                   (boots unavailable)
Stlth   +.........              (no amulet)
HPRegen 0.22/turn               r - ring of willpower
MPRegen 0.10/turn               t - ring of see invisible {sInv, !d}

@: no status effects
A: large, unfitting armour, tough skin 1
a: no special abilities


You were on level 5 of the Dungeon.
You visited 1 branch of the dungeon, and saw 5 of its levels.

You collected 155 gold pieces.

Inventory:

Hand Weapons
 a - a +0 war axe (weapon)
Missiles
 m - 3 silver javelins (quivered)
Armour
 b - a +0 robe (worn)
 c - a +0 kite shield (worn)
Jewellery
 n - a ring of protection from fire {rF+, !d}
   (You found it on level 2 of the Dungeon)
 r - a ring of willpower (left hand)
   (You found it on level 3 of the Dungeon)
 t - a ring of see invisible (right hand) {sInv, !d}
   (You found it on level 5 of the Dungeon)
Scrolls
 e - 3 scrolls of vulnerability {unknown}
 f - 4 scrolls of teleportation {unknown}
 g - a scroll of fear {unknown}
 h - 2 scrolls of blinking {unknown}
 j - a scroll of silence {unknown}
 l - a scroll of noise {unknown}
 p - 4 scrolls of identify {unknown}
 s - a scroll of poison {unknown}
 u - a scroll of fog {unknown}
Potions
 d - a potion of mutation {unknown}
 i - 3 potions of curing {unknown}
 k - 3 potions of flight {unknown}
 o - a potion of cancellation {unknown}
 q - 4 potions of heal wounds {unknown}


   Skills:
 + Level 6.1 Fighting
 * Level 5.2 Axes
 + Level 4.1 Dodging
 + Level 4.5 Shields


You had 6 spell levels left.
You didn't know any spells.
Your spell library contained the following spells:

 Spells                   Type           Power      Damage    Failure   Level
 Apportation              Tloc           0%         N/A       67%         1
 Necrotize                Necr           0%         1d4       67%         1
 Summon Small Mammal      Summ           0%         N/A       67%         1
 Alistair's Intoxication  Tmut/Pois      0%         N/A       100%        5


Dungeon Overview and Level Annotations

Branches:
Dungeon (5/15)
 Temple: D:4-7

Altars:

Shops:
D:2 (   D:3 *

Annotations:
D:4 Eustachio, Grinder, Robin, Sigmund
D:5 exclusion: jelly


Innate Abilities, Weirdness & Mutations

You are too large for most types of armour.
You have tough skin. (AC +1)


Message History

Your Fighting skill increases to level 6!
You start resting.
HP restored.
You regained 12 hp, and now have 63/75 hp.
You start resting.
HP restored.
Health restored: 75 You see here 6 stones.
A gnoll comes into view. It is wielding a +0 whip.
The gnoll shouts!
You hear a shout!
A gnoll comes into view. It is wielding a +0 flail.
Warning x2: The gnoll can hit for moderate damage in melee, and throws nets! x2
A gnoll comes into view. It is wielding a +0 spear.
Warning x3: The gnoll can hit for moderate damage in melee, and throws nets! x3
You start waiting.
There are monsters nearby!
You hit the gnoll.
The gnoll is moderately wounded.
You block the gnoll's attack.
Warning x2: The gnoll can hit for moderate damage in melee, and throws nets! x2
You slash the gnoll!
You kill the gnoll!
You block the gnoll's attack. The gnoll closely misses you.
You closely miss the gnoll. You block the gnoll's attack.
The gnoll barely misses you.
You closely miss the gnoll. The gnoll hits you with a +0 flail!
The gnoll hits you from afar with a +0 spear.
You take 12 damage, and have 63/75 hp.
Warning x2: The gnoll can hit for moderate damage in melee, and throws nets! x2
You barely miss the gnoll. The gnoll hits you but does no damage.
The gnoll closely misses you. The gnoll misses you.
The gnoll hits you with a +0 flail.
You take 5 damage, and have 58/75 hp.
You hit the gnoll.
The gnoll is lightly wounded.
You block the gnoll's attack.
The gnoll hits you from afar with a +0 spear.
You take 2 damage, and have 56/75 hp.
Warning x2: The gnoll can hit for moderate damage in melee, and throws nets! x2
You are too injured to fight recklessly!
You are too injured to fight recklessly!
You are too injured to fight recklessly!
You are too injured to fight recklessly!
You are too injured to fight recklessly!
You barely miss the gnoll.
The gnoll is lightly wounded.
The gnoll hits you with a +0 flail! You block the gnoll's attack.
You take 9 damage, and have 47/75 hp.
Warning x2: The gnoll can hit for moderate damage in melee, and throws nets! x2
You barely miss the gnoll.
The gnoll is lightly wounded.
The gnoll hits you with a +0 flail. You block the gnoll's attack.
The gnoll hits you from afar with a +0 spear.
The gnoll hits you with a +0 flail.
You take 8 damage, and have 39/75 hp.
Warning x2: The gnoll can hit for moderate damage in melee, and throws nets! x2
You hit the gnoll.
The gnoll is moderately wounded.
The gnoll hits you with a +0 flail! You block the gnoll's attack.
You take 7 damage, and have 32/75 hp.
You closely miss the gnoll.
The gnoll is moderately wounded.
The gnoll closely misses you. You block the gnoll's attack.
Warning x2: The gnoll can hit for moderate damage in melee, and throws nets! x2
You closely miss the gnoll.
The gnoll is moderately wounded.
The gnoll hits you with a +0 flail! The gnoll barely misses you.
You block the gnoll's attack. The gnoll hits you with a +0 flail!
* * * LOW HITPOINT WARNING * * *
You take 20 damage, and have 12/75 hp.
MASSIVE DAMAGE!!
Warning x2: The gnoll can hit for moderate damage in melee, and throws nets! x2
The gnoll attacks as you move away! The gnoll barely misses you.
The gnoll attacks as you move away! You block the gnoll's attack.
The gnoll attacks as you move away! You block the gnoll's attack.
The gnoll attacks as you move away! The gnoll barely misses you.
The gnoll attacks as you move away! The gnoll hits you with a +0 flail!
* * * LOW HITPOINT WARNING * * *
You take 7 damage, and have 8/75 hp.
Warning x2: The gnoll can hit for moderate damage in melee, and throws nets! x2
The gnoll attacks as you move away! You block the gnoll's attack.
The gnoll attacks as you move away! The gnoll closely misses you.
The gnoll attacks as you move away! The gnoll barely misses you.
The gnoll attacks as you move away! You block the gnoll's attack.
The gnoll attacks as you move away! You block the gnoll's attack.
The gnoll attacks as you move away! You block the gnoll's attack.
Warning x2: The gnoll can hit for moderate damage in melee, and throws nets! x2
The gnoll attacks as you move away! You block the gnoll's attack.
The gnoll attacks as you move away! The gnoll barely misses you.
You see here a +0 hand axe.
The gnoll attacks as you move away! The gnoll closely misses you.
You see here a +0 club.
The gnoll attacks as you move away! You block the gnoll's attack.
Warning x2: The gnoll can hit for moderate damage in melee, and throws nets! x2
The gnoll attacks as you move away! The gnoll hits you with a +0 flail!
* * * LOW HITPOINT WARNING * * *
You take 11 damage, and have 3/75 hp.
The gnoll attacks as you move away! The gnoll barely misses you.
The gnoll attacks as you move away! You block the gnoll's attack.
The gnoll attacks as you move away! The gnoll hits you with a +0 flail!
You die...

#..............### #.#
###................## #.#
#...................###.##
##...................#...###
###.......................#####
##....................#...))...
#.........................)))..
######....................#####
#.....<..@g...g.....##
##..................# #
#....#####........## ##
##....###.........## ##.
##................####..
#.....................#
##.............####...##
#..............# ##..#
#....##.....##...# ##.##


You could see 2 gnolls.

Vanquished Creatures
  2 black bears (D:4)
  A phantom (D:5)
  A scorpion (D:5)
  An orc priest (D:3)
  3 orc wizards
  5 gnolls
  2 adders
  A white imp (D:5)
  A worm (D:2)
  7 dart slugs
  11 orcs
  6 ball pythons
  5 bats
  8 endoplasms
  3 giant cockroaches
  6 goblins
  14 hobgoblins
  6 jackals
  4 kobolds
  4 quokkas
  5 frilled lizards
  7 rats
103 creatures vanquished.

Notes
Turn   | Place    | Note
-------+----------+-------------------------------------------
     0 | D:1      | Mgcat the Ogre Fighter began the quest for the Orb.
     0 | D:1      | Reached XP level 1. HP: 24/24 MP: 1/1
    90 | D:1      | Reached XP level 2. HP: 16/32 MP: 2/2
   627 | D:1      | Found a faded altar of an unknown god.
  1039 | D:1      | Reached XP level 3. HP: 35/39 MP: 3/3
  1044 | D:1      | Reached skill level 3 in Dodging
  1727 | D:2      | Found Eridwam's Antique Weapon Shoppe.
  1788 | D:2      | Reached skill level 3 in Axes
  1849 | D:2      | Reached XP level 4. HP: 47/49 MP: 4/4
  2584 | D:2      | Reached XP level 5. HP: 43/55 MP: 5/5
  2585 | D:2      | Reached skill level 5 in Fighting
  2646 | D:3      | Found Mickighun's General Store.
  2818 | D:3      | Reached skill level 4 in Axes
  2924 | D:3      | Reached XP level 6. HP: 32/66 MP: 6/6
  3332 | D:4      | Noticed a black bear
  3341 | D:4      | Killed a black bear
  3342 | D:4      | Reached skill level 4 in Shields
  3506 | D:4      | Noticed a black bear
  3509 | D:4      | Killed a black bear
  3510 | D:4      | Reached XP level 7. HP: 61/74 MP: 7/7
  3602 | D:4      | Noticed Sigmund
  3618 | D:4      | Noticed Eustachio
  3674 | D:4      | Noticed Grinder
  3707 | D:4      | Noticed Robin
  3709 | D:5      | Entered Level 5 of the Dungeon
  3861 | D:5      | Identified the +8 trident "Xechezir" {drain, rPois rF+
                  | SInv}
  3957 | D:5      | Reached skill level 5 in Axes
  3957 | D:5      | Reached skill level 4 in Dodging
  4315 | D:5      | Reached skill level 6 in Fighting
  4530 | D:5      | HP: 12/75 [gnoll/+0 flail (12)]
  4545 | D:5      | HP: 8/75 [gnoll/+0 flail (7)]
  4574 | D:5      | HP: 3/75 [gnoll/+0 flail (11)]
  4582 | D:5      | Slain by a gnoll

Illustrated notes

Levels and vault maps discovered:
D:1:      zelgadis_glass_arrival_small, layout_loops_ring,
          hellmonk_ecumenical_altar_zigzags, corexii_corridor_pit
D:2:      layout_loops_ring, serial_shops, nicolae_diamond_shop,
          nicolae_elevator_lobby_plus
D:3:      layout_rooms, serial_shops, shop
D:4:      layout_loops_ring, nemelex_spade_bored_becter, serial_rivers,
          chequers_serial_rivers_large_b, chequers_serial_rivers_marsh,
          chequers_serial_rivers_micro_e, chequers_serial_rivers_marsh,
          chequers_serial_rivers_small_a, chequers_serial_rivers_small_3,
          hangedman_minor_gate_pass, uniq_sigmund, uniq_grinder, uniq_robin,
          uniq_eustachio
D:5:      layout_layer_cave

Skill      XL: |  1  2  3  4  5  6  7 |
---------------+----------------------+-----
Dodging        | 3 4 |  4.1
Axes           | 3 4 5 |  5.2
Fighting       | 5 6 |  6.1
Shields        | 4 |  4.5

Action                   |  1- 3 |  4- 6 |  7- 9 || total
-------------------------+-------+-------+-------++-------
Melee: War axe           |   116 |    99 |    46 ||   261
Throw: Javelin           |     2 |     3 |       ||     5
  Use: Potion            |       |     2 |       ||     2
 Stab: Sleeping          |     1 |     1 |       ||     2
Armor: Robe              |    32 |    25 |    13 ||    70
Dodge: Dodged            |    43 |    70 |    28 ||   141
Block: Kite shield       |    42 |    44 |    33 ||   119

Table legend: (Time is in decaauts)
 A = Elapsed time spent in this place.
 B = Non-inter-level travel time spent in this place.
 C = Inter-level travel time spent in this place.
 D = Time resting spent in this place.
 E = Time spent auto-exploring this place.
 F = Levels seen in this place.
 G = Mean time per level.
                   A        B        C        D        E       F      G
               +--------+--------+--------+--------+--------+-----+--------+
         Total |   4709 |   4586 |    123 |   1230 |   2557 |   5 |  941.8 |
       Dungeon |   4709 |   4586 |    123 |   1230 |   2557 |   5 |  941.8 |
               +--------+--------+--------+--------+--------+-----+--------+

Top non-repeatable levels by time:
     D:1: 1541 daAuts
     D:2: 1169 daAuts
     D:5: 887 daAuts
     D:3: 750 daAuts
     D:4: 360 daAuts

Table legend:
 A = Kills in this place as a percentage of kills in entire the game.
 B = Kills by you in this place as a percentage of kills by you in the entire game.
 C = Kills by friends in this place as a percentage of kills by friends in the entire game.
 D = Other kills in this place as a percentage of other kills in the entire game.
 E = Experience gained in this place as a percentage of experience gained in the entire game.
 F = Experience gained in this place divided by the number of levels of this place that you have seen.
                   A       B       C       D       E      F
               +-------+-------+-------+-------+-------+----------------------
         Total | 100.0 | 100.0 |   N/A |   N/A | 100.0 | 176.0
       Dungeon | 100.0 | 100.0 |   N/A |   N/A | 100.0 | 176.0
               +-------+-------+-------+-------+-------+----------------------
